 Dungeon Crawl Stone Soup version 0.31.0-12-g77e489cdc1 (webtiles) character file.

Game seed: 3010475283058053910

113218 Gadfly the Unseen (level 16, -27/85 HPs)
             Began as a Spriggan Enchanter on Feb 20, 2024.
             Was an Initiate of Gozag.
             Killed from afar by Nikola (57 damage)
             ... with an arc of chain lightning
             ... on level 2 of the Swamp.
             The game lasted 01:17:25 (35387 turns).

Gadfly the Unseen (Spriggan Enchanter)             Turns: 35387, Time: 01:17:25

Health: -27/85     AC:  5    Str:  4    XL:     16   Next: 13%
Magic:  30/31      EV: 33    Int: 26    God:    Gozag
Gold:   2848       SH:  0    Dex: 24    Spells: 27/42 levels left

rFire   . . .        b - +2 quick blade (vamp)
rCold   . . .        (no shield)
rNeg    . . .        A - +0 robe "Juim" {Int+4}
rPois   .            (helmet restricted)
rElec   .            s - +2 cloak
rCorr   .            (gloves unavailable)
SInv    +            (boots unavailable)
Will    ++...        W - amulet of the acrobat
Stlth   +++++++      P - +4 ring of slaying
HPRegen 0.34/turn    k - +6 ring of dexterity
MPRegen 0.22/turn

%: random rage (3%), acrobat
@: mighty, confusing by touch, studying 3 skills, invisible, very quick
A: very small, no large weapons, unfitting armour, see invisible, speed 3,
berserk 1, low MP 1, wild magic 1
a: Renounce Religion, Potion Petition, Call Merchant, Bribe Branch


You were on level 2 of the Swamp.
You worshipped Gozag.
Gozag was most pleased with you.
You visited 5 branches of the dungeon, and saw 25 of its levels.
You also visited: Sewer, Ice Cave and Volcano.

You collected 9092 gold pieces.
You spent 2850 gold pieces at shops.
You paid 3394 gold pieces to Gozag.

Inventory:

Hand Weapons
 a - a +3 short sword of venom
 b - a +2 vampiric quick blade (weapon)
 d - a +2 rapier of flaming
 F - a +2 scimitar of flaming
Missiles
 x - 5 throwing nets
Armour
 s - a +2 cloak (worn)
 u - a +1 robe of willpower
 A - the +0 robe "Juim" (worn) {Int+4}
   (You found it on level 13 of the Dungeon)

   Int+4:     It affects your intelligence (+4).
 R - a +1 robe of resistance
Jewellery
 k - a +6 ring of dexterity (right hand)
 y - a ring of protection from cold
 H - a ring of wizardry
 I - a ring of protection from fire
 O - a ring of flight
 P - a +4 ring of slaying (left hand)
 Q - a +5 ring of evasion
 W - an amulet of the acrobat (around neck)
Wands
 l - a wand of polymorph (14)
 D - a wand of roots (8)
 E - a wand of flame (33)
 L - a wand of digging (7)
 S - a wand of acid (17)
Scrolls
 g - a scroll of butterflies
 j - a scroll of poison
 m - 9 scrolls of teleportation
 p - 9 scrolls of amnesia
 t - a scroll of enchant weapon
 v - 6 scrolls of vulnerability
 w - a scroll of brand weapon
 B - 4 scrolls of fear
 C - 3 scrolls of blinking
 G - a scroll of torment
 J - 3 scrolls of fog
 M - 4 scrolls of revelation
 N - 14 scrolls of identify
Potions
 c - 3 potions of invisibility
 e - 3 potions of curing
 f - 3 potions of might
 h - a potion of magic
 i - 5 potions of haste
 n - a potion of brilliance
 o - 3 potions of cancellation
 q - 7 potions of mutation
 r - 6 potions of enlightenment
 z - 3 potions of heal wounds
 V - 2 potions of resistance
Miscellaneous
 K - a lightning rod (4/4)
 T - a phantom mirror
 U - a tin of tremorstones (2/2)


   Skills:
 + Level 9.8 Fighting
 + Level 13.6 Short Blades
 + Level 14.6 Dodging
 + Level 17.5 Stealth
 + Level 13.8 Spellcasting
 + Level 13.7 Hexes
 + Level 15.4 Evocations


You had 27 spell levels left.
You knew the following spells:

 Your Spells              Type           Power      Damage    Failure   Level
a - Ensorcelled Hibernat  Hex/Ice        100%       N/A       1%          2
b - Confusing Touch       Hex            86%        N/A       1%          3
c - Discord               Hex            43%        N/A       67%         8
d - Blink                 Tloc           46%        N/A       8%          2

Your spell library contained the following spells:

 Spells                   Type           Power      Damage    Failure   Level
 Dazzling Flash           Conj/Hex       100%       N/A       1%          3
 Tukima's Dance           Hex            86%        N/A       1%          3
 Apportation              Tloc           46%        N/A       5%          1
 Kiss of Death            Conj/Necr      92%        2d12      5%          1
 Magic Dart               Conj           92%        1d7       5%          1
 Necrotise                Necr           92%        1d8       5%          1
 Sting                    Conj/Alch      92%        1d8       5%          1
 Summon Small Mammal      Summ           92%        N/A       5%          1
 Call Imp                 Summ           46%        N/A       8%          2
 Scorch                   Fire           46%        2d6       8%          2
 Metabolic Englaciation   Hex/Ice        31%        N/A       8%          5
 Frozen Ramparts          Ice            46%        1d7       14%         3
 Vampiric Draining        Necr           23%        2d7       14%         3
 Dispel Undead            Necr           23%        3d12      38%         4
 Flame Wave               Conj/Fire      23%        2d8       38%         4
 Leda's Liquefaction      Alch/Erth      11%        N/A       38%         4
 Martyr's Knell           Necr/Summ      23%        N/A       38%         4
 Olgreb's Toxic Radiance  Alch           23%        N/A       38%         4
 Petrify                  Alch/Erth      23%        N/A       38%         4
 Summon Blazeheart Golem  Fire/Summ      23%        N/A       38%         4
 Curse of Agony           Necr           23%        N/A       73%         5
 Summon Cactus Giant      Summ           11%        N/A       99%         6
 Orb of Destruction       Conj           11%        9d6       100%        7
 Ozocubu's Refrigeration  Ice            11%        4d10      100%        7
 Spellforged Servitor     Conj/Summ      11%        N/A       100%        7


Dungeon Overview and Level Annotations

Branches:
Dungeon (15/15)            Temple (1/1) D:7            Lair (5/5) D:11
  Swamp (2/4) Lair:2        Snake (0/4) Lair:3        Slime (0/5) Lair:4
    Orc (2/2) D:10            Elf (0/3) Orc:2        Vaults (0/5) D:14
 Depths (0/4) D:15          Sewer (visited)           IceCv (visited)
Volcano (visited)

Altars:
Ashenzari
Cheibriados
Dithmenos
Elyvilon
Fedhas
Gozag
Hepliaklqana
Kikubaaqudgha
Makhleb
Nemelex Xobeh
Okawaru
Qazlal
Ru
Sif Muna
Trog
Uskayaw
Vehumet
Wu Jian
Xom
Yredelemnul
Zin
The Shining One

Shops:
D:6 **   D:12 ?*   D:15 *:   Orc:2 (?::

Annotations:
D:10 2 transporters, dchavez06's ghost, journeyman GrEE
Swamp:2 Nikola


Innate Abilities, Weirdness & Mutations

You are very small and have problems with some larger weapons.
You are too small for most types of armour.
You have supernaturally acute eyesight. (SInv)
You cover ground extremely quickly. (Speed+++)
You sometimes lose your temper in combat.
Your magical capacity is low. (-10% MP)
Your spells are a little harder to cast, but a little more powerful.


Message History

You are electrocuted!
* * * LOW HITPOINT WARNING * * *
You are too injured to fight recklessly!
You are too injured to fight recklessly!
You are too injured to fight recklessly!
You hit Nikola but do no damage. x2
Okay, then.
Okay, then.
You feel much better.
Nikola hits you with a +3 rapier of electrocution!
* * * LOW HITPOINT WARNING * * *
You feel much better.
Nikola hits you with a +3 rapier of electrocution!
You are electrocuted!
* * * LOW HITPOINT WARNING * * *
Okay, then.
Okay, then.
Okay, then.
You fade into invisibility!
Nikola barely misses you.
Hit: b) +2 quick blade (vamp)
Press: ? - help, Dir - move target, f/p - Nikola
Aim: Nikola, wielding a +3 rapier of electrocution, wearing a +0 cloak and wearing a +0 pair of gloves (chance to confuse on hit: 7%, about 20% to evade your +2 vampiric quick blade)
Okay, then.
You feel extremely strange.
You feel frail.
You no longer feel cold resistant.
You feel less energetic.
You feel a little pissed off.
You feel less in control of your magic. Nikola closely misses you.
You feel very mighty all of a sudden.
Nikola hits you with a +3 rapier of electrocution!!
* * * LOW HITPOINT WARNING * * *
You feel much better. Nikola completely misses you.
You hit Nikola but do no damage. x2; Nikola completely misses you.
You hit Nikola but do no damage. x2
You hit Nikola but do no damage. You barely miss Nikola.
Nikola gestures wildly while chanting.
Lightning arcs from Nikola's hands!
The bolt of lightning hits you!!!
Ouch! That really hurt!
You die...
Your body crumbles into a pile of gold.

,,~****,...~♣≈≈~§@≈≈≈≈♣♣
,******♣♣.♣♣≈≈≈~~~~≈≈≈≈♣ ********
~,,~,**♣~~.♣≈≈~#...#≈≈≈♣**,~~~~,,
~,,,,*,.~.♣♣≈~#.#.#.#~≈♣♣~,,,~~~,
**~,,,~.~.♣≈≈≈.##.##)~≈≈♣,,~*,~~,
*~,,,~~...≈≈≈.#...#.~≈≈♣,~,*,~~~
******,....≈≈~.##.##.≈≈≈♣*,,,,,,~
*,,***,~~≈≈≈≈≈#.###[#~≈≈≈♣*~,,~,,
,~,~*,,~~~≈≈≈≈§#@@.#~≈≈≈≈#***,~~,
~~~,**~~~~≈≈≈≈≈~~~~~≈≈≈≈≈≈♣ **~~~
~~~~~*,~~♣≈≈≈≈≈≈≈≈≈≈≈≈≈≈≈♣# *,~~
~~~~,*,..♣.~~~~≈≈≈≈≈~~§~♣♣ ****,~
,~,,,,*♣♣♣♣.♣..~≈≈≈~..♣♣♣***~,*,,
,,,,,~*♣♣~♣♣♣♣.♣♣♣♣♣.♣♣***~,,,,,,
,~~,,~♣♣♣~..~♣♣.♣?♣.♣♣.~.~~~~,,~~
,~,,,.♣..~.~~~~~...~~~...,~~~~~~~
,~~,,.$....~~~~.~~~~.....,,~~~~~~


You could see Nikola.

Vanquished Creatures
  A tengu reaver (D:15)
  The ghost of mrw3rdna the Grappler, a journeyman TrSh of Hepliaklqana (Lair:5)
  4 eleionomae
  A bunyip (Swamp:1)
  A white draconian (IceCv)
  4 vault guards (D:14)
  6 hydras
  4 boulder beetles
  An ogre mage (D:15)
  An alligator (Swamp:2)
  2 death knights
  4 centaur warriors
  5 two-headed ogres
  4 tengu warriors
  A deep troll earth mage (D:15)
  Urug (D:11)
  5 orc high priests
  Amaemon (D:9)
  4 skysharks
  3 skeletal warriors
  3 goliath frogs
  A spriggan druid (Swamp:1)
  A bog body (Lair:2)
  A swamp dragon (Swamp:1)
  4 orc sorcerers (Orc:2)
  A lindwurm (Lair:5)
  15 ugly things
  A wolf spider (Lair:5)
  An orc knight (Orc:2)
  A deep elf pyromancer (D:15)
  7 cyclopes
  2 will-o-the-wisps (Swamp:1)
  5 manticores
  Maurice (D:9)
  A guardian serpent (Lair:5)
  9 black mambas
  2 toenail golems (Volcano)
  5 elephants
  21 cane toads
  A molten gargoyle (Volcano)
  5 kobold blastminers (Orc:2)
  2 gargoyles
  A torpor snail (Lair:2)
  An orange demon (D:9)
  2 ice statues (IceCv)
  An unseen horror (D:10)
  A yaktaur (D:10)
  A kobold demonologist (D:10)
  13 rime drakes
  3 efreet
  12 komodo dragons
  2 freezing wraiths
  A tengu conjurer (D:14)
  3 trolls
  4 hornets
  3 polar bears
  11 blink frogs
  7 tyrant leeches
  11 slime creatures
  A centaur simulacrum (D:15)
  5 wraiths
  53 yaks
  17 wyverns
  A vampire (D:13)
  7 wargs (Orc:2)
  6 fire elementals (Volcano)
  5 basilisks
  5 vampire mosquitoes
  A warg (shapeshifter) (D:15)
  4 redbacks (Lair:5)
  3 swamp worms
  An acid dragon (shapeshifter) (D:10)
  5 acid dragons
  29 water moccasins
  3 hornet zombies (D:7)
  A black bear (shapeshifter) (D:14)
  16 orc warriors
  3 ice beasts
  4 black bears
  A swamp drake (Swamp:1)
  A sky beast (D:7)
  9 centaurs
  5 ogres
  A boggart (shapeshifter) (D:15)
  31 wolves
  A boggart (D:14)
  4 phantoms
  3 kobold brigands
  8 bullfrogs
  4 gnoll sergeants
  A wyvern zombie (D:7)
  2 earth elementals (Volcano)
  4 scorpions
  A water moccasin zombie (D:7)
  13 wights
  14 killer bees
  5 lindwurm simulacra (IceCv)
  An electric eel (Lair:2)
  A bullfrog zombie (D:7)
  6 howler monkeys
  A centaur zombie (D:7)
  6 jellies
  10 komodo dragon simulacra (IceCv)
  4 hounds
  30 orc priests
  2 bombardier beetles
  A gnoll bouda (D:10)
  4 iguanas
  Ijyb (D:3)
  29 orc wizards
  3 killer bee zombies (D:7)
  2 howler monkey zombies (D:7)
  3 acid dragon simulacra (IceCv)
  12 gnolls
  6 river rats
  5 adders
  3 white imps
  2 ufetubi (D:6)
  3 steam dragon simulacra (IceCv)
  8 ribbon worms
  6 dart slugs
  112 orcs
  13 bats
  4 endoplasms
  7 giant cockroaches
  7 goblins
  5 hobgoblins
  5 jackals
  3 quokkas (Sewer)
  14 ball pythons
  4 frilled lizards
  17 kobolds
  11 rats
850 creatures vanquished.

Vanquished Creatures (others)
  A toenail golem (Volcano)
  A bloated husk (Swamp:1)
  An orc (Orc:2)
3 creatures vanquished.

Grand Total: 853 creatures vanquished

Notes
Turn   | Place    | Note
-------+----------+-------------------------------------------
     0 | D:1      | Gadfly the Spriggan Enchanter began the quest for the Orb.
     0 | D:1      | Reached XP level 1. HP: 9/9 MP: 5/5
   120 | D:1      | Reached XP level 2. HP: 13/13 MP: 6/6
   246 | D:1      | Reached skill level 1 in Evocations
   307 | D:1      | Learned a level 2 spell: Ensorcelled Hibernation
   604 | D:1      | Reached XP level 3. HP: 15/17 MP: 2/8
   887 | D:1      | Learned a level 3 spell: Confusing Touch
  1774 | D:2      | Reached skill level 5 in Stealth
  1774 | D:2      | Gained mutation: Potions are less effective at restoring
                  | your health. [potion of mutation]
  1775 | D:2      | Lost mutation: Potions are less effective at restoring your
                  | health. [potion of mutation]
  1775 | D:2      | Gained mutation: Your flesh is cold resistant. (rC+)
                  | [potion of mutation]
  1775 | D:2      | Gained mutation: You are robust. (+10% HP) [potion of
                  | mutation]
  2143 | D:3      | Reached XP level 4. HP: 23/23 MP: 4/9
  2444 | D:3      | Found a sparkling altar of Nemelex Xobeh.
  2446 | D:3      | Found a blossoming altar of Fedhas.
  2647 | D:3      | Noticed Ijyb
  2653 | D:3      | Killed Ijyb
  2654 | D:3      | Reached skill level 1 in Fighting
  2988 | D:3      | Reached XP level 5. HP: 16/27 MP: 6/11
  3203 | D:4      | Noticed a black bear
  3313 | D:3      | Killed a black bear
  3314 | D:3      | Reached XP level 6. HP: 14/33 MP: 1/12
  3684 | D:4      | Found a glowing drain.
  3696 | Sewer    | Entered a sewer
  4589 | D:4      | Reached skill level 6 in Stealth
  4942 | D:5      | Entered Level 5 of the Dungeon
  4979 | D:5      | Reached XP level 7. HP: 35/38 MP: 11/14
  5134 | D:5      | Found a shadowy altar of Dithmenos.
  5135 | D:5      | Found a snail-covered altar of Cheibriados.
  5136 | D:5      | Found an iron altar of Okawaru.
  5137 | D:5      | Found a radiant altar of Vehumet.
  5149 | D:5      | Reached skill level 5 in Hexes
  5395 | D:5      | Reached skill level 5 in Dodging
  5815 | D:5      | Reached XP level 8. HP: 42/42 MP: 13/16
  6138 | D:6      | Reached skill level 7 in Stealth
  6141 | D:6      | Reached skill level 5 in Spellcasting
  6409 | D:6      | Reached skill level 5 in Evocations
  6734 | D:6      | Reached skill level 5 in Short Blades
  6736 | D:6      | Reached skill level 8 in Stealth
  6993 | D:6      | Found a burning altar of Makhleb.
  7052 | D:6      | Found Hium's Specific Store.
  7054 | D:6      | Found Konkew's General Store.
  7065 | D:6      | Bought a potion of heal wounds for 55 gold pieces
  7249 | D:6      | Reached XP level 9. HP: 48/48 MP: 18/18
  7732 | D:7      | Found a staircase to the Ecumenical Temple.
  7743 | Temple   | Entered the Ecumenical Temple
  7770 | Temple   | Became a worshipper of Gozag Ym Sagoz the Greedy
  8380 | D:7      | Reached skill level 9 in Stealth
  9688 | D:8      | Noticed a cyclops
  9719 | D:8      | Reached XP level 10. HP: 55/56 MP: 12/21
  9849 | D:8      | Killed a cyclops
 10473 | D:9      | Noticed Amaemon
 10473 | D:9      | Noticed an orange demon
 10759 | D:8      | Reached skill level 10 in Stealth
 10849 | D:9      | Killed Amaemon
 10850 | D:9      | Reached skill level 5 in Fighting
 10864 | D:9      | Killed an orange demon
 10955 | D:9      | Noticed Maurice
 10976 | D:9      | Maurice stole 465 gold
 10978 | D:9      | Killed Maurice
 11310 | D:9      | Reached XP level 11. HP: 61/61 MP: 20/24
 11490 | D:9      | Reached skill level 11 in Stealth
 11836 | D:10     | Entered Level 10 of the Dungeon
 12372 | D:10     | Noticed a two-headed ogre
 12377 | D:10     | Noticed a tengu warrior
 12380 | D:10     | Killed a tengu warrior
 12383 | D:10     | Killed a two-headed ogre
 12591 | D:10     | Noticed a green ugly thing
 12594 | D:10     | Noticed a white ugly thing
 12599 | D:10     | Noticed a white ugly thing
 12639 | D:10     | Noticed a white ugly thing
 12694 | D:10     | Found a transporter.
 12711 | D:10     | Found a staircase to the Orcish Mines.
 12911 | D:10     | Noticed a two-headed ogre
 12913 | D:10     | Noticed a tengu warrior
 12917 | D:10     | Noticed a two-headed ogre
 12917 | D:10     | Noticed a two-headed ogre
 12918 | D:10     | Noticed a two-headed ogre
 12919 | D:10     | Noticed dchavez06's ghost (journeyman GrEE)
 12926 | D:10     | Found a transporter.
 12927 | D:10     | Found a bloodstained altar of Trog.
 12994 | D:10     | Reached skill level 12 in Stealth
 13178 | D:10     | Killed a white ugly thing
 13334 | D:10     | Killed a cyan ugly thing
 13339 | D:10     | Killed a red ugly thing
 13349 | D:10     | Killed a purple ugly thing
 13350 | D:10     | Reached XP level 12. HP: 35/67 MP: 15/26
 13351 | D:10     | Reached skill level 10 in Dodging
 13560 | D:10     | Found a glowing golden altar of the Shining One.
 14248 | D:11     | Noticed a death knight
 14248 | D:11     | Noticed a centaur warrior
 14249 | D:11     | Noticed a centaur warrior
 14253 | D:11     | Found a runed translucent door.
 14255 | D:11     | Noticed a centaur warrior
 14270 | D:11     | Found a frozen archway.
 14284 | D:11     | Reached skill level 10 in Evocations
 14294 | IceCv    | Entered an ice cave
 15110 | IceCv    | Noticed a white draconian
 15347 | IceCv    | Killed a white draconian
 15348 | IceCv    | Reached skill level 10 in Hexes
 15877 | D:11     | Noticed Urug
 15884 | D:11     | Killed Urug
 15885 | D:11     | Reached skill level 13 in Stealth
 15885 | D:11     | Reached skill level 10 in Spellcasting
 16166 | D:11     | Found a staircase to the Lair.
 16384 | D:11     | Noticed a boulder beetle
 16391 | D:11     | Killed a boulder beetle
 16700 | D:11     | Killed a centaur warrior
 16888 | D:11     | Killed a centaur warrior
 16929 | D:10     | Killed a death knight
 17127 | D:11     | Killed a centaur warrior
 17128 | D:11     | Reached XP level 13. HP: 57/73 MP: 26/28
 17738 | D:12     | Identified the +2 ring mail "Puishrobb" {-Tele rCorr MP+9
                  | Int+6}
 18625 | D:12     | Bought a scroll of butterflies for 64 gold pieces
 18786 | D:13     | Reached skill level 10 in Short Blades
 18885 | D:13     | Identified the +0 robe "Juim" {Int+4}
 19190 | Lair:1   | Entered Level 1 of the Lair of Beasts
 19206 | Lair:1   | Reached skill level 14 in Stealth
 19547 | Lair:1   | Learned a level 8 spell: Discord
 20444 | Lair:2   | Found a dark tunnel.
 20466 | Volcano  | Entered a volcano
 21590 | Lair:2   | Found a staircase to the Swamp.
 21590 | Lair:2   | Noticed an eleionoma
 21611 | Lair:2   | Killed an eleionoma
 23128 | Lair:3   | Reached XP level 14. HP: 80/80 MP: 19/30
 23367 | Lair:3   | Reached skill level 15 in Stealth
 23507 | Lair:3   | Found a staircase to the Snake Pit.
 24601 | Lair:4   | Found a staircase to the Slime Pits.
 25591 | Lair:5   | Entered Level 5 of the Lair of Beasts
 26081 | Lair:5   | Found a runed translucent door.
 26081 | Lair:5   | Noticed mrw3rdna's ghost (journeyman TrSh)
 26903 | Lair:5   | Paralysed by a hornet for 1 turns
 27121 | Lair:5   | Reached skill level 16 in Stealth
 27985 | Lair:5   | Killed mrw3rdna's ghost
 27986 | Lair:5   | Reached XP level 15. HP: 79/85 MP: 29/32
 28171 | Orc:1    | Entered Level 1 of the Orcish Mines
 28264 | Orc:2    | Entered Level 2 of the Orcish Mines
 28601 | Orc:2    | Found a staircase to the Elven Halls.
 29276 | Orc:2    | Found Tucopeag's Book Emporium.
 29373 | Orc:2    | Found Qayshrull's Vocational Training.
 29520 | Orc:2    | Found Nibbig's Magic Scroll Emporium.
 29569 | Orc:2    | Found Giamae Uzie's Antique Weapon Shoppe.
 30336 | Orc:2    | Bought a manual of Short Blades for 1360 gold pieces
 30397 | Orc:2    | Bought a manual of Evocations for 1040 gold pieces
 30774 | D:14     | Found a gate to the Vaults.
 32049 | D:15     | Entered Level 15 of the Dungeon
 32359 | D:15     | Reached skill level 17 in Stealth
 32537 | D:15     | Noticed a tengu reaver
 32539 | D:15     | Found a staircase to the Depths.
 32770 | D:15     | Killed a tengu reaver
 33317 | D:15     | Bought a fuming amethyst potion for 24 gold pieces
 33320 | D:15     | Bought a book of Minor Magic for 208 gold pieces
 33323 | D:15     | Learned a level 2 spell: Blink
 33330 | D:15     | Bought an embroidered robe for 99 gold pieces
 33505 | Swamp:1  | Entered Level 1 of the Swamp
 33797 | Swamp:1  | Reached skill level 15 in Evocations
 34631 | Lair:2   | Reached XP level 16. HP: 92/92 MP: 31/34
 35145 | Swamp:1  | You fall into a shaft and drop 1 floor!
 35321 | Swamp:2  | Noticed Nikola
 35382 | Swamp:2  | Lost mutation: You are robust. (+10% HP) [potion of
                  | mutation]
 35382 | Swamp:2  | Lost mutation: Your flesh is cold resistant. (rC+) [potion
                  | of mutation]
 35382 | Swamp:2  | Gained mutation: Your magical capacity is low. (-10% MP)
                  | [potion of mutation]
 35382 | Swamp:2  | Gained mutation: You sometimes lose your temper in combat.
                  | [potion of mutation]
 35382 | Swamp:2  | Gained mutation: Your spells are a little harder to cast,
                  | but a little more powerful. [potion of mutation]
 35387 | Swamp:2  | Killed from afar by Nikola

Illustrated notes

Levels and vault maps discovered:
D:1:      lightli_arrival_noodles, layout_loops_cross, glass_columns_c,
          minmay_split_cup_small
D:2:      layout_loops_corners
D:3:      layout_loops_ring, chequers_temple_overflow_statue_of_worship,
          kennysheep_path_1, nicolae_the_louvre, uniq_ijyb
D:4:      layout_rooms, portal_sewer_entry_e, hangedman_decor_growths
D:5:      layout_loops_ring, grunt_temple_overflow_open
D:6:      layout_basic, general_overflow_altar, eino_curves_01,
          serial_bayou_pond_d, nicolae_specific_store, dk_noncrumbling_3
D:7:      layout_gridville, minmay_temple_entry_arrows, serial_undead,
          serial_undead_f, serial_undead_a, serial_undead_a, serial_undead_a,
          serial_undead_a, serial_undead_b
D:8:      layout_basic, minmay_misc_feat_x
D:9:      layout_roguey, grunt_ministairs_1, uniq_amaemon, uniq_maurice
D:10:     minmay_the_grid_octo_tiled_squarecenter [minmay_the_grid_octo_chip,
          minmay_the_grid_octo_checkered, minmay_the_grid_octo_vomiting_pacman,
          minmay_the_grid_octo_clover_2,
          minmay_the_grid_square_5x5_megaprize_open,
          minmay_the_grid_square_5x5_fancy_junction,
          minmay_the_grid_square_5x5_shrine1,
          minmay_the_grid_square_5x5_hourglass,
          minmay_the_grid_square_5x5_bracketed], layout_basic,
          hiddenorc1_lemuel, gammafunk_ghost_wrathful_warriors
D:11:     layout_small_grid, david_lair_generic, portal_ice_cave_rime,
          minmay_st_funbox, uniq_urug
D:12:     layout_roguey, serial_library_hellmonk_hallway_b, drop_trap,
          dreamdust_mushroom_princess
D:13:     layout_loops_ring, solitary_fountain
D:14:     layout_long_grid, lightli_vaults_fourway_checkpoint,
          minmay_misc_feat_plants, minmay_misc_feat_tower,
          kennysheep_generic_room_11
D:15:     hellmonk_depths_entry_around_the_bend, layout_basic, special_room
          [special_room_orc], minmay_tree_intersection
Temple:   regret_index_temple_waves
Lair:1:   layout_misc_corridors, grunt_megastairs_2
Lair:2:   layout_gridlike, alex1729_swamp_entry_worm_eleionoma, enter_volcano_2,
          grunt_forest_small_clearings, serial_bayou_ford_a, forest_entry_grove,
          infiniplex_staircase_pool
Lair:3:   layout_loops_ring, minmay_snake_entry_six_corridors,
          grunt_megastairs_4
Lair:4:   layout_regular_city, nicolae_slime_entry_field_trip,
          pdpol_lair_neglected_garden, grunt_megastairs_3
Lair:5:   hangedman_lair_tendril_chambers, layout_regular_city,
          hellmonk_ghost_happy_afterlife
Swamp:1:  layout_basic_swamp, serial_swamp_ruin, evilmike_swamp_ruin_house_5,
          hangedman_swamp_ruin_hall, swamp_pool_1_2
Swamp:2:  layout_basic_swamp, nicolae_swamp_little_tower, swamp_pool_1_2,
          infiniplex_staircase_pool_2, uniq_nikola
Orc:1:    layout_caves
Orc:2:    st_orc_town, layout_caves, nicolae_shop_vocational

Skill      XL: |  1  2  3  4  5  6  7  8  9 10 11 12 13 14 15 |
---------------+----------------------------------------------+-----
Evocations     | 1 2 3 4 5 7 8 9 11 12 13 15 | 15.4
Dodging        | 3 4 5 6 7 8 9 11 12 13 14 | 14.6
Spellcasting   | 3 4 5 7 8 9 10 11 12 13 | 13.8
Stealth        | 5 6 8 9 10 12 13 14 16 17 | 17.5
Hexes          | 4 5 6 7 8 9 10 11 12 13 | 13.7
Short Blades   | 2 3 4 5 6 7 8 9 10 11 13 | 13.6
Fighting       | 1 2 3 4 5 6 7 8 9 |  9.8

Action                     |  1- 3 |  4- 6 |  7- 9 | 10-12 | 13-15 | 16-18 || total
---------------------------+-------+-------+-------+-------+-------+-------++-------
  Melee: Dagger            |   116 |    31 |   378 |   297 |   147 |       ||   969
         Punch             |     1 |     4 |     4 |     6 |    55 |     2 ||    72
         Short sword       |    15 |   200 |   124 |   271 |   246 |       ||   856
         Quick blade       |       |       |       |       |  2215 |    75 ||  2290
   Cast: Ensorcelled Hiber |    21 |    42 |    58 |   156 |   306 |    19 ||   602
         Confusing Touch   |       |       |    19 |    32 |    22 |     5 ||    78
         Blink             |       |       |       |       |     2 |       ||     2
 Invoke: Call Merchant     |       |       |       |       |     4 |       ||     4
  Evoke: Wand              |       |       |       |       |     2 |       ||     2
    Use: Scroll            |     3 |     7 |     5 |     2 |     7 |     3 ||    27
         Potion            |     2 |     2 |       |     1 |     2 |     7 ||    14
   Stab: Sleeping          |    24 |    24 |    47 |   104 |   187 |     9 ||   395
         Distracted        |       |     2 |     2 |     7 |    12 |       ||    23
         Confused          |       |       |    17 |    38 |    21 |     7 ||    83
         Invisible         |       |       |       |       |     6 |       ||     6
 Armour: Robe              |    26 |    87 |   136 |   170 |   440 |    21 ||   880
  Dodge: Dodged            |   108 |   289 |   430 |   486 |  1781 |    65 ||  3159
